 Dungeon Crawl Stone Soup version 0.18-b1-14-g029dad2 (webtiles) character file.

106 Patate the Skirmisher (level 4, 0/41 HPs)
             Began as a Minotaur Berserker on Apr 30, 2016.
             Was a Believer of Trog.
             Slain by Natasha (3 damage)
             ... on level 2 of the Dungeon.
             The game lasted 00:03:03 (1546 turns).

Patate the Skirmisher (Minotaur Berserker)          Turns: 1546, Time: 00:03:05

Health: 0/41       AC:  5    Str: 22    XL:     4   Next: 55%
Magic:  3/3        EV: 11    Int:  4    God:    Trog [**....]
Gold:   127        SH:  0    Dex: 10    Spells: 0 memorised, 3 levels left

rFire  . . .     SeeInvis .     a - +0 hand axe
rCold  . . .     Gourm    .     g - +0 ring mail
rNeg   . . .     Faith    .     (no shield)
rPois  .         Spirit   .     (helmet restricted)
rElec  .         Dismiss  .     (no cloak)
rCorr  .         Reflect  .     (no gloves)
SustAt .         Harm     .     (no boots)
MR     .....                    (no amulet)
Stlth  ..........               (no ring)
                                (no ring)

@: slowed, very slow, not resistant to hostile enchantments, extremely
unstealthy
A: retaliatory headbutt, horns 2
a: Berserk, Trog's Hand, Burn Spellbooks, Renounce Religion


You were on level 2 of the Dungeon.
You worshipped Trog.
Trog was pleased with you.
You were not hungry.

You visited 1 branch of the dungeon, and saw 2 of its levels.

You collected 127 gold pieces.

Inventory:

Hand Weapons
 a - a +0 hand axe (weapon)
Armour
 g - a +0 ring mail (worn)
Scrolls
 b - a scroll of enchant armour {unknown}
 d - 4 scrolls of remove curse {unknown}
 e - a scroll of identify {unknown}
 i - a scroll of amnesia {unknown}
 k - a scroll of immolation {unknown}
 m - a scroll of fear {unknown}
Potions
 f - a potion of ambrosia {unknown}
 h - a potion of cancellation
 n - a potion of mutation {unknown}
Comestibles
 c - 2 bread rations
 j - a beef jerky
 l - a chunk of flesh


   Skills:
 + Level 4.7 Fighting
 + Level 4.7 Axes
 + Level 3.9 Armour
 - Level 2.1 Dodging


You had 3 spell levels left.
You didn't know any spells.

Dungeon Overview and Level Annotations

Branches:
Dungeon (2/15)

Altars:
Ashenzari

Annotations:
D:2 Natasha


Innate Abilities, Weirdness & Mutations

You reflexively headbutt those who attack you in melee.
You have a pair of horns on your head.


Message History

Natasha casts a spell.
The shadow imp barely misses you. Natasha claws you!
You hit Natasha but do no damage. Your headbutt misses Natasha.
Natasha is heavily wounded.
You hit the iron imp but do no damage. Natasha closely misses you. x2
The iron imp closely misses you.
You hit Natasha but do no damage.
Natasha is heavily wounded.
You barely miss the iron imp. You hit the iron imp.
The iron imp is lightly wounded.
Natasha barely misses you.
Natasha stares at you and mumbles some strange words.
The magic dart hits you! The iron imp hits you!
* * * LOW HITPOINT WARNING * * *
The iron imp hits you!
* * * LOW HITPOINT WARNING * * *
Natasha howls an incantation.
You feel troubled. Natasha claws you.
You die...

.....###..†###.# #.#
###......#...#.# #.#
##.###...#.#.# #.# #.#
##.##.#.######## #.# #.#
#.##.#.##.....> ..# #.#
####.####.#...!##.# #.#####<#
#.# ..........#.......#
#.....#.# #..
####.....##...÷##.###.###.#.#
### #.###......5h@.....# #.#.#
#.##........55##.### #.#.# #
#.##..........##.#####.#.# #
#.##.....................#####
#...............#......(......
#..#..#.....#####.####.#.#####
####)..).#.###(# #.# #.#.# #
.......(.#.# #.# #.# #.#.#####
#####.#.##.# #.# #.# #.#......


You could see 2 iron imps, Natasha and a shadow imp.

Vanquished Creatures
  Natasha (twice) (D:2)
  2 adders (D:2)
  2 dart slugs (D:2)
  A giant gecko (D:2)
  A giant cockroach (D:1)
  4 hobgoblins
  3 jackals (D:2)
  A ball python (D:2)
  3 bats
  3 giant newts
  6 goblins
  5 kobolds
  A rat (D:1)
34 creatures vanquished.

Notes
Turn   | Place    | Note
--------------------------------------------------------------
     0 | D:1      | Patate the Minotaur Berserker began the quest for the Orb.
     0 | D:1      | Reached XP level 1. HP: 19/19 MP: 0/0
   473 | D:1      | Reached XP level 2. HP: 27/27 MP: 1/1
   845 | D:2      | Reached XP level 3. HP: 33/33 MP: 2/2
  1010 | D:2      | Found a shattered altar of Ashenzari.
  1119 | D:2      | Reached ** piety under Trog
  1145 | D:2      | Noticed Natasha
  1152 | D:2      | Killed Natasha
  1152 | D:2      | Reached XP level 4. HP: 36/41 MP: 3/3
  1203 | D:2      | Noticed Natasha
  1214 | D:2      | Killed Natasha
  1538 | D:2      | Noticed Natasha
  1546 | D:2      | Slain by Natasha

Skill      XL: |  1  2 |
---------------+-------+-----
Axes           | 4 |  4.7
Fighting       | 4 |  4.7
Armour         | 3 |  3.9
Dodging        | |  2.1

Action                   |  1- 3 |  4- 6 || total
-------------------------+-------+-------++-------
Melee: Hand axe          |    64 |    18 ||    82
       Headbutt          |     6 |     2 ||     8
  Use: Potion            |     4 |       ||     4
  Eat: Chunk             |     1 |     2 ||     3
Armor: Ring mail         |    24 |     2 ||    26
       Animal skin       |     1 |       ||     1
Dodge: Dodged            |    37 |    18 ||    55
